 Dungeon Crawl Stone Soup version 0.31-a0-460-g9e667d4245 (webtiles) character file.

Game seed: 9361696161043350152

52571 Dittersdorf the Blocker (level 14, -7/96 HPs)
             Began as a Gargoyle Fighter on Aug 4, 2023.
             Was the Champion of Okawaru.
             Mangled by a cane toad (16 damage)
             ... summoned by a boggart
             ... on level 5 of the Lair of Beasts.
             The game lasted 00:21:19 (13102 turns).

Dittersdorf the Blocker (Gargoyle Fighter)         Turns: 13102, Time: 00:21:19

Health: -7/96      AC: 31    Str: 28    XL:     14   Next: 64%
Magic:  14/14      EV: 10    Int:  8    God:    Okawaru [******]
Gold:   1532       SH: 12    Dex:  9    Spells: 13/13 levels left

rFire   + . .        u - +3 eveningstar (venom)
rCold   + + .        h - +0 kite shield of Zucsiasm {Str+2}
rNeg    + . .        c - +4 ring mail {rC+}
rPois   ∞            n - +0 helmet of Generosity {Fly rCorr Slay+6 Stlth-}
rElec   +            l - scarf {rC+ rF+}
rCorr   +            B - +2 pair of gloves "Gib Nocw" {Regen+}
SInv    .            (no boots)
Will    +....        f - amulet of regeneration Stlth
                     j - +4 ring of protection
HPRegen 1.96/turn    C - ring of resist corrosion
MPRegen 0.14/turn

%: no passive effects
@: marked, flying
A: sickness immunity, AC +10, big wings, negative energy resistance 1,
electricity resistance, torment resistance 1, petrification resistance
a: Renounce Religion, Heroism, Finesse, Duel


You were on level 5 of the Lair of Beasts.
You worshipped Okawaru.
Okawaru was exalted by your worship.
You visited 3 branches of the dungeon, and saw 16 of its levels.
You also visited: Ossuary and Bailey.

You collected 1532 gold pieces.

Inventory:

Hand Weapons
 u - a +3 eveningstar of venom (weapon)
Missiles
 t - 14 curare-tipped darts (quivered)
 A - a throwing net
Armour
 c - a +4 ring mail of cold resistance (worn)
 h - the +0 kite shield of Zucsiasm (worn) {Str+2}
   (Okawaru gifted it to you on level 8 of the Dungeon)

   Str:       It affects your strength (+2).
 l - a scarf of resistance (worn)
 n - the +0 helmet of Generosity (worn) {Fly rCorr Slay+6 Stlth-}
   (You took it off Robin on level 2 of the Dungeon)

   Slay:      It affects your accuracy & damage with ranged weapons and melee
   (+6).
   Fly:       It grants you flight.
   rCorr:     It protects you from acid and corrosion.
   Stlth:     It makes you less stealthy.
 B - the +2 pair of gloves "Gib Nocw" (worn) {Regen+}
   (You found it on level 7 of the Dungeon)

   Regen:     It increases your rate of health regeneration.
Jewellery
 f - an amulet of regeneration (around neck)
 j - a +4 ring of protection (left hand)
 C - a ring of resist corrosion (right hand)
Wands
 b - a wand of acid (7)
 x - a wand of flame (23)
Scrolls
 g - 7 scrolls of teleportation
 k - 3 scrolls of blinking
 q - 2 scrolls of revelation
 s - 5 scrolls of poison
Potions
 a - 4 potions of ambrosia
 d - 3 potions of might
 e - 2 potions of invisibility
 i - a potion of magic {unknown}
 m - 5 potions of berserk rage
 o - 4 potions of heal wounds
 p - 9 potions of curing
 r - 4 potions of mutation
 v - 4 potions of brilliance
 w - 4 potions of haste


   Skills:
 + Level 14.2 Fighting
 + Level 13.0 Maces & Flails
 + Level 14.2 Armour
 + Level 14.2 Shields


You had 13 spell levels left.
You didn't know any spells.
Your spell library contained the following spells:

 Spells                   Type           Power      Damage    Failure   Level
 Necrotise                Necr           0%         1d4       63%         1
 Sting                    Tmut/Pois      0%         1d3       63%         1
 Poisonous Vapours        Pois/Air       0%         N/A       77%         2
 Wereblood                Tmut           0%         N/A       77%         2
 Dazzling Flash           Conj/Hex       0%         N/A       94%         3
 Frozen Ramparts          Ice            0%         1d1       94%         3
 Inner Flame              Hex/Fire       0%         N/A       94%         3
 Vampiric Draining        Necr           0%         2d6       94%         3
 Volatile Blastmotes      Fire/Tloc      0%         2d10      94%         3
 Flame Wave               Conj/Fire      0%         2d4       100%        4
 Olgreb's Toxic Radiance  Pois           0%         N/A       100%        4
 Petrify                  Tmut/Erth      0%         N/A       100%        4
 Sticky Flame             Conj/Fire      0%         2d3       100%        4
 Agony                    Necr           0%         N/A       100%        5
 Alistair's Intoxication  Tmut/Pois      0%         N/A       100%        5
 Metabolic Englaciation   Hex/Ice        0%         N/A       100%        5
 Silence                  Hex/Air        0%         N/A       100%        5
 Yara's Violent Unravell  Hex/Tmut       0%         3d3       100%        5
 Starburst                Conj/Fire      0%         6d3       100%        6
 Maxwell's Capacitive Co  Air            0%         ∞         100%        8
 Sublimation of Blood     Necr           Unusable   N/A       N/A         2
 Summon Hydra             Summ           Unusable   N/A       N/A         7

Dungeon Overview and Level Annotations

Branches:
Dungeon (10/15)            Temple (1/1) D:4            Lair (5/5) D:10
 Shoals (0/4) Lair:3       Spider (0/4) Lair:2          Orc (0/2) D:10
Ossuary (visited)          Bailey (visited)
  Slime: Lair:4-5

Altars:
Ashenzari
Cheibriados
Dithmenos
Elyvilon
Fedhas
Gozag
Hepliaklqana
Kikubaaqudgha
Makhleb
Nemelex Xobeh
Okawaru
Qazlal
Ru
Sif Muna
Trog
Uskayaw
Vehumet
Wu Jian
Xom
Yredelemnul
Zin
The Shining One

Shops:
D:7 :

Annotations:
D:8 1 transporter


Innate Abilities, Weirdness & Mutations

You are immune to sickness and miasma.
Your stone body is resilient. (AC +10)
You are immune to poison.
Your large and strong wings let you fly.
You resist negative energy. (rN+)
You are resistant to electric shocks. (rElec)
You are resistant to unholy torment.
You are immune to petrification.


Message History

The elephant trunk-slaps you but does no damage.
You block the yak's attack. The yak barely misses you.
The komodo dragon bites you!
* * * LOW HITPOINT WARNING * * *
The elephant tramples you but does no damage.
The elephant barely misses you.
You impale the seven-headed hydra!!
The seven-headed hydra is severely wounded.
You block the elephant's attack.
The elephant trunk-slaps you but does no damage.
The seven-headed hydra bites you but does no damage.
The seven-headed hydra closely misses you. x2
The seven-headed hydra bites you but does no damage.
You block the seven-headed hydra's attack. x2
The seven-headed hydra bites you but does no damage.
The elephant tramples you but does no damage.
The elephant misses you.
The yak gores you but does no damage. x2
The yak snorts and paws the ground.
The komodo dragon bites you but does no damage.
The elephant tramples you.
* * * LOW HITPOINT WARNING * * *
You hold your ground!
The elephant trunk-slaps you but does no damage.
Blink to where?
Press: ? - help, Dir - move target An elephant comes into view.
As you read the scroll of blinking, it crumbles to dust.
You block the water moccasin's attack. The water moccasin barely misses you.
The cane toad stings you but does no damage.
The boulder beetle hits you.
* * * LOW HITPOINT WARNING * * *
The boulder beetle stops rolling and uncurls.
The water moccasin closely misses you. The cane toad stings you.
* * * LOW HITPOINT WARNING * * *
You hear some strange, mumbled words.
You block the water moccasin's attack.
The boulder beetle completely misses you.
The yak barely misses you. The cane toad stings you!
You die...

♣ ♣..♣♣ ♣..#.....
♣♣♣♣.g♣ ♣...#....~≈≈≈≈≈
..♣...♣ ♣.........~≈Y≈≈≈
.♣♣.♣♣♣ ♣.........~~≈≈≈≈
.♣.{♣ #..........≈~~~~
..†.♣ ♣♣#P...#..........
...♣♣ ♣...P....P...°....
♣..♣ ♣♣........h.°.....
♣..♣ ♣♣..♣...YY@Bi......
♣♣.♣ ♣..♣♣..Y.DFS.......
♣.♣♣♣♣.♣♣♣♣..SYYl.......
♣...♣♣.♣ ♣♣.YYY........
♣♣♣....♣ ♣..#.#.......
♣♣...♣ ♣...#...#..P.
♣♣..♣ ♣♣♣#..$.#...#
♣...♣ ......P#.
♣♣♣♣♣♣..♣ .....##


You could see a boulder beetle, a seven-headed hydra, 4 elephants, a komodo
dragon (summoned), 5 yaks, a cane toad (summoned), 2 water moccasins, a spriggan
and a wolf.

Vanquished Creatures
  Snorg (Lair:2)
  A catoblepas (Lair:4)
  A hydra (Lair:3)
  A centaur warrior (D:8)
  2 two-headed ogres
  5 death yaks
  Amaemon (Lair:3)
  A skyshark (Lair:3)
  An orb spider (Lair:2)
  The ghost of LeprechaunX the Martial Artist, a novice OpSh of Cheibriados (D:7)
  An orc knight (Bailey)
  A cyclops (D:8)
  An ugly thing (D:6)
  A manticore (D:8)
  Joseph (D:7)
  A black mamba (Lair:3)
  17 elephants
  An orange demon (Lair:3)
  5 cane toads
  A gargoyle (D:8)
  A rime drake (Lair:5)
  8 komodo dragons
  A tengu conjurer (D:8)
  9 polar bears
  7 trolls
  21 blink frogs
  Grinder (D:5)
  A dream sheep (Lair:5)
  6 hornets
  11 spriggans (Lair:5)
  2 shadows (D:8)
  5 wyverns
  52 yaks
  3 basilisks
  Eustachio (Temple)
  4 steam dragons
  2 acid dragons
  10 water moccasins
  Duvessa (D:5)
  5 orc warriors
  3 ice beasts
  2 black bears
  3 boggarts (Lair:5)
  3 sky beasts
  9 centaurs
  32 wolves
  12 kobold brigands
  4 phantoms
  3 gnoll sergeants
  16 bullfrogs
  2 scorpions (D:5)
  14 wights
  Dowan (D:5)
  A killer bee (D:9)
  5 electric eels
  2 lava snakes (Lair:2)
  2 jellies
  8 hounds
  3 iron imps (D:3)
  A bullfrog skeleton (D:4)
  A gnoll bouda (D:5)
  6 orc priests
  A sleepcap (D:6)
  Natasha (twice) (D:2)
  8 iguanas
  10 orc wizards
  A scorpion zombie (D:4)
  6 hell rats (Lair:2)
  A hound skeleton (D:4)
  8 mummies (Ossuary)
  Robin (D:2)
  11 gnolls
  12 adders
  3 shadow imps
  2 ufetubi
  An adder zombie (D:4)
  2 dart slugs
  30 orcs
  4 bats
  8 endoplasms
  4 giant cockroaches
  A gnoll zombie (Ossuary)
  19 goblins
  13 hobgoblins
  9 jackals
  24 kobolds
  8 quokkas
  6 ball pythons
  4 frilled lizards
  A hobgoblin zombie (Ossuary)
  5 kobold zombies (Ossuary)
  An orc zombie (Ossuary)
  A quokka skeleton (D:4)
  5 rats (D:1)
  A spectral orc (D:8)
542 creatures vanquished.

Notes
Turn   | Place    | Note
-------+----------+-------------------------------------------
     0 | D:1      | Dittersdorf the Gargoyle Fighter began the quest for the
                  | Orb.
     0 | D:1      | Reached XP level 1. HP: 14/14 MP: 1/1
   218 | D:1      | Reached XP level 2. HP: 19/19 MP: 2/2
   727 | D:2      | Reached XP level 3. HP: 23/23 MP: 3/3
   789 | D:2      | Noticed Natasha
   793 | D:2      | Killed Natasha
   843 | D:2      | Found a hide-covered altar of Uskayaw.
   955 | D:2      | Identified the +0 helmet of Generosity {Fly rCorr Slay+6
                  | Stlth-}
   955 | D:2      | Noticed Robin
   962 | D:2      | Reached XP level 4. HP: 29/29 MP: 4/4
   993 | D:2      | Killed Robin
  1059 | D:2      | Noticed Natasha
  1066 | D:2      | Killed Natasha
  1165 | D:2      | Reached XP level 5. HP: 33/33 MP: 5/5
  1981 | D:3      | Found a burning altar of Makhleb.
  1991 | D:3      | Reached XP level 6. HP: 39/39 MP: 6/6
  2277 | D:4      | Noticed an ice beast
  2284 | D:4      | Killed an ice beast
  2285 | D:4      | Reached skill level 5 in Fighting
  2285 | D:4      | Reached skill level 5 in Armour
  2285 | D:4      | Reached skill level 5 in Shields
  2293 | D:4      | Reached XP level 7. HP: 37/44 MP: 7/7
  2533 | D:4      | Identified the ring "Buomp" {rElec MP+9}
  2606 | D:4      | Found a staircase to the Ecumenical Temple.
  2609 | D:4      | Noticed Eustachio
  2614 | Temple   | Entered the Ecumenical Temple
  2647 | Temple   | Became a worshipper of Warmaster Okawaru
  2700 | Temple   | Killed Eustachio
  2758 | Temple   | Reached XP level 8. HP: 51/51 MP: 8/8
  2769 | D:4      | Found a shimmering altar of Xom.
  2793 | D:4      | Identified the +4 dagger of the Disturbing Loafs {pain, rC+
                  | rN+ Str+3}
  3248 | D:4      | Reached * piety under Okawaru
  3417 | D:5      | Entered Level 5 of the Dungeon
  3442 | D:5      | Reached skill level 5 in Maces & Flails
  3577 | D:5      | Found a sand-covered staircase.
  3581 | Ossuary  | Entered an ossuary
  3836 | D:5      | Identified a scroll of acquirement
  3836 | D:5      | Acquired a +2 eveningstar of venom
  3913 | D:5      | Noticed a yak
  3919 | D:5      | Killed a yak
  3919 | D:5      | Reached ** piety under Okawaru
  3922 | D:5      | Noticed a yak
  3922 | D:5      | Noticed a yak
  3924 | D:5      | Noticed a yak
  3925 | D:5      | Noticed a yak
  3928 | D:5      | Killed a yak
  3929 | D:5      | Reached XP level 9. HP: 37/56 MP: 9/9
  4154 | D:5      | Reached *** piety under Okawaru
  4208 | D:5      | Noticed Grinder
  4215 | D:5      | Paralysed by Grinder for 2 turns
  4216 | D:5      | Killed Grinder
  4257 | D:5      | Noticed Duvessa
  4258 | D:5      | Noticed Dowan
  4265 | D:5      | Killed Duvessa
  4269 | D:5      | Killed Dowan
  4502 | D:5      | Found a radiant altar of Vehumet.
  4604 | D:6      | Found a white marble altar of Elyvilon.
  4896 | D:6      | Reached **** piety under Okawaru
  4904 | D:6      | Reached XP level 10. HP: 62/64 MP: 10/10
  4969 | D:6      | Noticed a two-headed ogre
  4969 | D:6      | Noticed a cyan ugly thing
  4975 | D:6      | Killed a two-headed ogre
  4983 | D:6      | Killed a cyan ugly thing
  5347 | D:7      | You are sucked into a shaft and drop 1 floor!
  5363 | D:8      | Found a transporter.
  5365 | D:8      | Found a transporter.
  5366 | D:8      | Noticed a cyclops
  5368 | D:8      | Noticed a gargoyle
  5379 | D:8      | Found a transporter.
  5379 | D:8      | Noticed a centaur warrior
  5381 | D:8      | Noticed a manticore
  5407 | D:8      | Found a transporter.
  5407 | D:8      | Found a transporter.
  5417 | D:8      | Killed a manticore
  5417 | D:8      | Reached ***** piety under Okawaru
  5498 | D:8      | Found a flagged portal.
  5507 | Bailey   | Entered a bailey
  5600 | Bailey   | Received a gift from Okawaru
  5601 | Bailey   | Reached XP level 11. HP: 64/71 MP: 11/11
  5609 | Bailey   | Noticed an orc knight
  5625 | Bailey   | Killed an orc knight
  5678 | Bailey   | Found a burning altar of Makhleb.
  5805 | D:7      | Found a broken altar of Ashenzari.
  5819 | D:7      | Noticed Joseph
  5831 | D:7      | Killed Joseph
  5832 | D:7      | Reached skill level 10 in Shields
  5905 | D:7      | Identified the +2 pair of gloves "Gib Nocw" {Regen+}
  5968 | D:7      | Found a runed translucent door.
  5968 | D:7      | Noticed LeprechaunX's ghost (novice OpSh)
  6043 | D:7      | Found Soneiko's Book Emporium.
  6176 | D:7      | Noticed a two-headed ogre
  6185 | D:7      | Killed a two-headed ogre
  6186 | D:7      | Reached skill level 10 in Fighting
  6186 | D:7      | Reached skill level 10 in Armour
  6339 | D:7      | Killed LeprechaunX's ghost
  6685 | D:8      | Found a basalt altar of Yredelemnul.
  6883 | D:8      | Killed a centaur warrior
  6916 | D:8      | Killed a cyclops
  6921 | D:8      | Identified the +0 kite shield of Zucsiasm {Str+2} (Okawaru
                  | gifted it to you on level 8 of the Dungeon)
  6921 | D:8      | Received a gift from Okawaru
  6965 | D:8      | Got the Almanac of the Variable Jinx
  6966 | D:8      | Identified the +7 rapier of Fyug {heavy, rF+ rC+ rN+}
  7105 | D:9      | Reached XP level 12. HP: 79/79 MP: 12/12
  7235 | D:9      | Found a bloodstained altar of Trog.
  7350 | D:9      | Found a glowing golden altar of the Shining One.
  7716 | D:9      | Found an opulent altar of Gozag.
  7766 | D:9      | Reached skill level 10 in Maces & Flails
  7861 | D:9      | Found a shadowy altar of Dithmenos.
  7862 | D:9      | Found a stormy altar of Qazlal.
  7864 | D:9      | Found a hide-covered altar of Uskayaw.
  7864 | D:9      | Found a sacrificial altar of Ru.
  8311 | D:10     | Entered Level 10 of the Dungeon
  8349 | D:10     | Found a staircase to the Lair.
  8384 | D:10     | Reached ****** piety under Okawaru
  9008 | D:10     | Found a staircase to the Orcish Mines.
  9054 | Lair:1   | Entered Level 1 of the Lair of Beasts
 10024 | Lair:2   | Identified the +1 robe of the Stone Wall {Dex+2} (Okawaru
                  | gifted it to you on level 2 of the Lair of Beasts)
 10024 | Lair:2   | Received a gift from Okawaru
 10086 | Lair:2   | Reached XP level 13. HP: 81/86 MP: 13/13
 10222 | Lair:2   | Found a hole to the Spider Nest.
 10314 | Lair:3   | Noticed Snorg
 10324 | Lair:2   | Killed Snorg
 10398 | Lair:3   | Found a staircase to the Shoals.
 10410 | Lair:3   | Identified the +0 plate armour of Muut {-Cast Rampage
                  | Slay+2 SInv}
 10717 | Lair:3   | Received a gift from Okawaru
 10844 | Lair:3   | Noticed Amaemon
 10855 | Lair:3   | Killed Amaemon
 11503 | Lair:4   | Received a gift from Okawaru
 11547 | Lair:4   | Gained mutation: Your large and strong wings let you fly.
                  | [Gargoyle growth]
 11547 | Lair:4   | Reached XP level 14. HP: 94/94 MP: 14/14
 12553 | Lair:5   | Entered Level 5 of the Lair of Beasts
 12659 | Lair:5   | Received a gift from Okawaru
 13102 | Lair:5   | Mangled by a cane toad

Illustrated notes

Levels and vault maps discovered:
D:1:      arrival_zaba_pyramid, layout_basic
D:2:      cheibrodos_greedy_goblins, layout_basic, basic_altar, uniq_robin,
          uniq_natasha
D:3:      layout_basic, demons_altar
D:4:      minmay_thinvault, layout_gridville, xom_butterflies,
          minmay_temple_entry_stoned_glass, serial_co_window_serial,
          co_window_paths_a, co_window_cross_1, co_window_paths_a,
          co_window_corner_a, co_window_of_opportunity_a, co_window_paths_a,
          co_window_corner_ca, co_window_broadway_b, co_window_broadway_c,
          dilly_guarded_unrand_morg, uniq_eustachio
D:5:      minmay_skewed_foursquare, layout_loops_ring, general_overflow_altar,
          lightli_ossuary_entry_decrepit_ruins, uniq_duvessa, uniq_grinder
D:6:      wad_guarded_room, layout_rooms, lemuel_doored_altar
D:7:      layout_rooms, evilmike_ruin_ashenzari, gammafunk_ghost_grave,
          serial_shops, shop, uniq_joseph
D:8:      gammafunk_the_bubble [the_bubble_gammafunk_roulette], layout_basic,
          yredelemnul_forgotten_temple_becter, enter_bailey_2
D:9:      minmay_octagon_keep, layout_stronghold, trog_book,
          nicolae_gozag_cash_rules_everything_around_me, tso_metal_star,
          grunt_temple_overflow_open, kennysheep_minor_cross,
          kennysheep_generic_room_13
D:10:     layout_cave_pods, erik_lair_island, orc_0_dummy
Temple:   hellmonk_temple_beads
Lair:1:   layout_cave_pods, grunt_megastairs_3
Lair:2:   layout_big_grid, nicolae_spider_entry_orb_guardian, st_stairs_8,
          nicolae_lair_liquid_snakes
Lair:3:   layout_small_grid, minmay_shoals_entry_centaurs, grunt_megastairs_4,
          uniq_snorg, uniq_amaemon
Lair:4:   layout_layer_cave, nicolae_lair_yak_garden
Lair:5:   minmay_lair_end_enchanted_forest, layout_cave_shapes, slime_entry_1,
          infiniplex_staircase_pool, lemuel_fruit_tree

Skill      XL: |  1  2  3  4  5  6  7  8  9 10 11 12 13 14 |
---------------+-------------------------------------------+-----
Shields        | 4 5 7 8 9 11 12 13 14 | 14.2
Fighting       | 4 5 6 8 9 10 12 13 14 | 14.2
Armour         | 4 5 6 8 9 10 12 13 14 | 14.2
Maces & Flails | 3 4 5 7 8 9 11 12 13 | 13.0

Action                     |  1- 3 |  4- 6 |  7- 9 | 10-12 | 13-15 || total
---------------------------+-------+-------+-------+-------+-------++-------
  Melee: Flail             |    92 |   126 |   118 |       |       ||   336
         Morningstar       |       |       |    50 |       |       ||    50
         Eveningstar       |       |       |    95 |   550 |   626 ||  1271
 Invoke: Heroism           |       |       |       |     3 |     1 ||     4
    Use: Scroll            |       |     8 |     6 |     7 |     3 ||    24
 Armour: Scale mail        |    52 |    44 |   153 |    19 |       ||   268
         Plate armour      |       |       |       |   276 |       ||   276
         Ring mail         |       |       |       |   167 |   452 ||   619
  Dodge: Dodged            |    48 |    48 |   103 |   247 |   269 ||   715
  Block: Buckler           |    19 |    27 |    70 |   108 |       ||   224
         Kite shield       |       |       |       |   241 |   434 ||   675

Table legend: (Time is in decaauts)
 A = Elapsed time spent in this place.
 B = Non-inter-level travel time spent in this place.
 C = Inter-level travel time spent in this place.
 D = Time resting spent in this place.
 E = Time spent auto-exploring this place.
 F = Levels seen in this place.
 G = Mean time per level.
                   A        B        C        D        E       F      G
               +--------+--------+--------+--------+--------+-----+--------+
         Total |  13234 |  12470 |    764 |     84 |   8989 |  18 |  735.2 |
       Dungeon |   8600 |   7957 |    643 |     26 |   5921 |  10 |  860.0 |
        Temple |    137 |     73 |     64 |      8 |      0 |   1 |  137.0 |
          Lair |   4020 |   3964 |     56 |     45 |   2880 |   5 |  804.0 |
       Ossuary |    263 |    263 |      0 |      0 |    121 |   1 |  263.0 |
        Bailey |    213 |    213 |      0 |      5 |     67 |   1 |  213.0 |
               +--------+--------+--------+--------+--------+-----+--------+

Top non-repeatable levels by time:
     D:9: 1198 daAuts
     D:4: 1147 daAuts
  Lair:3: 1083 daAuts
  Lair:4: 1082 daAuts
     D:8: 998 daAuts
     D:5: 968 daAuts
  Lair:1: 963 daAuts
     D:3: 808 daAuts
     D:2: 772 daAuts
    D:10: 746 daAuts
     D:6: 669 daAuts
     D:1: 660 daAuts
     D:7: 631 daAuts
  Lair:5: 524 daAuts
  Lair:2: 367 daAuts
